 Dungeon Crawl Stone Soup version 0.29.1-13-g9f3cf754e1 (webtiles) character file.

Game seed: 13661394612757713727

308 flickminster the Insei (level 6, -3/51 HPs)
             Began as a Draconian Transmuter on Feb 4, 2023.
             Was a Believer of Wu Jian.
             Splashed by a jelly's acid (8 damage)
             ... on level 4 of the Dungeon.
             The game lasted 00:19:28 (3104 turns).

flickminster the Insei (Draconian Transmuter)       Turns: 3104, Time: 00:19:31

Health: -3/51      AC: -10   Str: 12    XL:     6   Next: 16%
Magic:  10/10      EV: 13    Int: 13    God:    Wu Jian [**....]
Gold:   19         SH:  0    Dex: 14    Spells: 8/11 levels left

rFire   . . .      SeeInvis .     - Unarmed
rCold   . . .      Faith    .   (no shield)
rNeg    . . .      Spirit   .   (body armour unavailable)
rPois   .          Reflect  .   (helmet restricted)
rElec   .          Harm     .   (no cloak)
rCorr   .          Rampage  .   (no gloves)
Will    .....                   (no boots)
Stlth   +.........              (no amulet)
HPRegen 0.17/turn               (no ring)
MPRegen 0.12/turn               (no ring)

@: corroded
A: AC +6, unfitting armour, cold-blooded
a: Renounce Religion, Wall Jump


You were on level 4 of the Dungeon.
You worshipped Wu Jian.
Wu Jian was pleased with you.
You visited 1 branch of the dungeon, and saw 4 of its levels.

You collected 103 gold pieces.
You spent 84 gold pieces at shops.

Inventory:

Jewellery
 b - a ring of protection from cold
 d - a ring of protection from fire
 n - an amulet of the acrobat
Wands
 q - a wand of flame (11)
Scrolls
 e - 3 scrolls of teleportation {unknown}
 f - 2 scrolls of brand weapon {unknown}
 g - 4 scrolls of enchant armour {unknown}
 h - a scroll of blinking {unknown}
 j - a scroll of poison {unknown}
 k - 2 scrolls of fear {unknown}
 m - 6 scrolls of identify {unknown}
 o - 3 scrolls of immolation {unknown}
 p - a scroll of vulnerability {unknown}
Potions
 a - 2 potions of lignification
 c - a potion of curing
 i - 3 potions of flight
 l - a potion of might
 r - a potion of heal wounds {unknown}


   Skills:
 + Level 3.1 Fighting
 + Level 3.0 Dodging
 * Level 0.4 Stealth
 * Level 4.1 Unarmed Combat
 + Level 3.1 Spellcasting
 + Level 3.3 Transmutations


You had 8 spell levels left.
You knew the following spells:

 Your Spells              Type           Power      Damage    Failure   Level
a - Beastly Appendage     Tmut           20%        N/A       6%          1
b - Wereblood             Tmut           10%        N/A       9%          2

Your spell library contained the following spells:

 Spells                   Type           Power      Damage    Failure   Level
 Necrotise                Necr           8%         1d4       22%         1
 Slow                     Hex            8%         N/A       22%         1
 Spider Form              Tmut/Pois      6%         N/A       34%         3
 Confusing Touch          Hex            2%         N/A       56%         3
 Vampiric Draining        Necr           2%         2d6       56%         3
 Ice Form                 Ice/Tmut       6%         N/A       75%         4
 Agony                    Necr           2%         N/A       99%         5


Dungeon Overview and Level Annotations

Branches:
Dungeon (4/15)
 Temple: D:4-7

Altars:
Kikubaaqudgha
Wu Jian

Shops:
D:4 *


Innate Abilities, Weirdness & Mutations

Your plain brown scales are hard. (AC +6)
You cannot fit into any form of body armour.
You are cold-blooded and may be slowed by cold attacks.


Message History

Something hits you. The jelly attacks as you move away!
The jelly barely misses you.
You spin and attack the jelly.
You barely miss the jelly.
The jelly is moderately wounded.
The jelly closely misses you.
You hit the jelly. The acid corrodes you!
Your hands burn!
You punch the jelly, but do no damage.
The jelly is severely wounded.
The jelly closely misses you.
You hit the jelly but do no damage.
Your hands burn!
* * * LOW HITPOINT WARNING * * *
The jelly is severely wounded.
The jelly misses you.
A puff of flame appears from out of thin air!
The puff of flame misses you.
You spin and attack the jelly.
You hit the jelly but do no damage.
Your hands burn!
* * * LOW HITPOINT WARNING * * *
The jelly is severely wounded.
The jelly misses you.
You barely miss the jelly.
The jelly is severely wounded.
The jelly barely misses you.
You hit the jelly but do no damage. The acid corrodes you!
Your hands burn!
* * * LOW HITPOINT WARNING * * *
The jelly is severely wounded.
The jelly hits you.
* * * LOW HITPOINT WARNING * * *
You are splashed with acid.
* * * LOW HITPOINT WARNING * * *
You feel better. The jelly completely misses you. Something hits you.
* * * LOW HITPOINT WARNING * * *
You spin and attack the jelly.
You hit the jelly.
Your hands burn!
* * * LOW HITPOINT WARNING * * *
Your tail-slap misses the jelly.
The jelly is severely wounded.
The jelly hits you.
* * * LOW HITPOINT WARNING * * *
The acid corrodes you!
You are splashed with acid!
You die...

... #.###...†.## .# #.#
##.....# #.# #####.# #
#.# ### #. #.#
####.###.## #.........#
#......[.>#########
#.........@.......#
#.........#J{......
#...........†......
#############..........
.......).....†)........
......#######..........
..... #.....[)... ....
#.#........ ..o
..........[


You could see a jelly.

Vanquished Creatures
  An ogre (D:4)
  A scorpion (D:4)
  An orc wizard (D:4)
  5 gnolls
  2 adders
  2 worms
  6 orcs
  4 bats
  A bat zombie (D:3)
  6 endoplasms
  A giant cockroach (D:3)
  5 goblins
  5 hobgoblins
  4 jackals (D:1)
  2 quokkas
  5 ball pythons
  5 frilled lizards
  4 rats
  3 rat zombies (D:3)
63 creatures vanquished.

Notes
Turn   | Place    | Note
-------+----------+-------------------------------------------
     0 | D:1      | flickminster the Draconian Transmuter began the quest for
                  | the Orb.
     0 | D:1      | Reached XP level 1. HP: 16/16 MP: 3/3
   203 | D:1      | Reached XP level 2. HP: 20/23 MP: 3/5
   429 | D:1      | Reached XP level 3. HP: 22/29 MP: 4/6
   584 | D:1      | Found a faded altar of an unknown god.
   596 | D:1      | Prayed at the altar of an unknown god.
   596 | D:1      | Became a worshipper of the Wu Jian Council
   596 | D:1      | Reached * piety under Wu Jian
  1820 | D:3      | Found an ancient bone altar of Kikubaaqudgha.
  2034 | D:3      | Reached XP level 4. HP: 36/36 MP: 5/7
  2219 | D:4      | Noticed an ogre
  2225 | D:4      | Killed an ogre
  2226 | D:4      | Reached XP level 5. HP: 18/42 MP: 6/9
  2397 | D:4      | Found Hueqoa's General Store.
  2402 | D:4      | Bought a potion of curing for 42 gold pieces
  2402 | D:4      | Bought a potion of curing for 42 gold pieces
  2427 | D:4      | Learned a level 2 spell: Wereblood
  2432 | D:4      | Reached ** piety under Wu Jian
  2720 | D:4      | Reached skill level 4 in Unarmed Combat
  2720 | D:4      | Reached XP level 6. HP: 13/51 MP: 10/10
  3104 | D:4      | Splashed by a jelly's acid

Illustrated notes

Levels and vault maps discovered:
D:1:      ncdulo_lavacross, layout_basic, shapermc_ecumenical_altar_pompeii,
          moated_statue
D:2:      layout_basic
D:3:      layout_loops_ring, lemuel_zombie_altar_kikubaaqudgha
D:4:      layout_rooms, serial_shops, shop, hangedman_abyss_or_decor_stabs

Skill      XL: |  1  2  3  4  5  6 |
---------------+-------------------+-----
Dodging        | 2 3 |  3.0
Fighting       | 2 3 |  3.1
Transmutations | 3 |  3.3
Spellcasting   | 3 |  3.1
Unarmed Combat | 4 |  4.1
Stealth        | |  0.4

Action                   |  1- 3 |  4- 6 || total
-------------------------+-------+-------++-------
Melee: Unarmed           |   125 |   100 ||   225
       Tailslap          |    19 |    15 ||    34
       Kick              |    19 |    14 ||    33
       Headbutt          |     8 |    12 ||    20
       Punch             |     2 |     6 ||     8
 Cast: Beastly Appendage |    10 |     7 ||    17
       Wereblood         |       |     2 ||     2
Invok: Lunge             |     8 |     8 ||    16
       Whirlwind         |     2 |     4 ||     6
  Use: Potion            |     3 |     3 ||     6
 Stab: Sleeping          |     3 |       ||     3
Armor: Skin              |    31 |    25 ||    56
Dodge: Dodged            |    76 |    46 ||   122
